 Dungeon Crawl Stone Soup version 0.19.0-18-g426998a (webtiles) character file.

543 dysrexia the Changer (level 7, -11/43 HPs)
             Began as an Octopode Transmuter on Nov 12, 2016.
             Was an Initiate of Cheibriados.
             Mangled by Sigmund
             ... wielding a +2 scythe of protection
              (16 damage)
             ... on level 4 of the Dungeon.
             The game lasted 00:16:37 (4352 turns).

dysrexia the Changer (Octopode Transmuter)          Turns: 4352, Time: 00:16:37

Health: -11/43     AC:  1    Str: 10    XL:     7   Next: 27%
Magic:  10/10      EV: 13    Int: 17    God:    Cheibriados [......]
Gold:   213        SH:  0    Dex: 15    Spells: 3 memorised, 4 levels left

rFire  . . .     SeeInvis .       - Unarmed
rCold  + . .     Gourm    .     (no shield)
rNeg   . . .     Faith    .     d - +0 hat
rPois  .         Spirit   .     (no amulet)
rElec  .         Reflect  .     t - ring of protection from cold
rCorr  .         Harm     .     (no ring)
MR     .....                    (no ring)
Stlth  ++........               (no ring)
                                (no ring)
                                (no ring)
                                (no ring)
                                (no ring)

@: appendage (expiring), invisible, very slow
A: almost no armour, stealthy swim, amphibious, 8 rings, constrict 8, tentacle
spike 3, camouflage 1, gelatinous body 1
a: End Transformation, Bend Time, Renounce Religion


You were on level 4 of the Dungeon.
You worshipped Cheibriados.
Cheibriados was noncommittal.
You were not hungry.
One of your tentacles had a temporary spike.
You visited 2 branches of the dungeon, and saw 6 of its levels.

You collected 249 gold pieces.
You spent 36 gold pieces at shops.

Inventory:

Missiles
 a - 37 arrows
 e - 51 stones (quivered)
 g - 26 poisoned needles
Armour
 d - a +0 hat (worn)
 n - a +1 buckler
Jewellery
 t - a ring of protection from cold (left tentacle)
Wands
 p - a wand of flame (29/48)
Scrolls
 j - a scroll of remove curse
 l - a scroll of teleportation
 r - a scroll of enchant armour
Potions
 i - a potion of invisibility
 k - 2 potions of flight
Books
 b - a book of Changes

   Spells                             Type                      Level
   a - Beastly Appendage              Transmutation                1
   b - Sticks to Snakes               Transmutation                2
   c - Spider Form                    Transmutation/Poison         3
   d - Ice Form                       Ice/Transmutation            4
   e - Blade Hands                    Transmutation                5
 w - a book of Maledictions

   Spells                             Type                      Level
   a - Corona                         Hexes                        1
   b - Ensorcelled Hibernation        Hexes/Ice                    2
   c - Confuse                        Hexes                        3
   d - Tukima's Dance                 Hexes                        3
   e - Dazzling Spray                 Conjuration/Hexes            3
Comestibles
 c - 2 bread rations
 f - a beef jerky
 m - 2 fruits
 q - a meat ration
 s - a royal jelly


   Skills:
 - Level 1.0 Fighting
 - Level 2.0 Dodging
 + Level 4.8 Unarmed Combat
 - Level 2.0 Spellcasting
 * Level 6.0 Transmutations
 - Level 3.1 Poison Magic


You had 4 spell levels left.
You knew the following spells:

 Your Spells              Type           Power        Failure   Level  Hunger
a - Beastly Appendage     Tmut           ###...       1%          1    #......
b - Sticks to Snakes      Tmut           ###.....     2%          2    ###....
c - Spider Form           Tmut/Pois      ###.......   10%         3    ###....


Dungeon Overview and Level Annotations

Branches:
Dungeon (5/15)             Temple (1/1) D:4

Altars:
Cheibriados
Fedhas
Gozag
Hepliaklqana
Makhleb
Nemelex Xobeh
Okawaru
Qazlal
Uskayaw
Vehumet
Xom
Yredelemnul
Zin
The Shining One

Shops:
D:4 *==[*

Annotations:
D:4 Frank's ghost, amateur GrGl; Sigmund


Innate Abilities, Weirdness & Mutations

You cannot wear most types of armour.
You are very stealthy in the water. (Stealth+)
You are amphibious.
You can wear up to eight rings at the same time.
You can use your tentacles to constrict eight enemies at once.
Your skin changes colour to match your surroundings (Stealth+).
Your rubbery body absorbs attacks. (AC +1, EV +1)
One of your tentacles bears a large vicious spike.


Message History

You're too confused to cast spells.
There isn't anything here!
You're too confused to move!
Sigmund hits you from afar with a scythe of protection!
Sigmund hits you with a scythe of protection.
You tentacle-slap Sigmund.
Your tentacle spike misses Sigmund.
Sigmund is lightly wounded.
You feel less confused.
You closely miss Sigmund. You grab Sigmund.
You squeeze Sigmund, but do no damage.
Sigmund is lightly wounded.
Your transformation is almost over.
You constrict Sigmund, but do no damage.
Sigmund points at you and mumbles some strange words.
The magic dart hits you!
* * * LOW HITPOINT WARNING * * *
You fade into invisibility!
You constrict Sigmund, but do no damage.
Sigmund hits you with a scythe of protection!
You die...

,,,,,,,,,,,..,...,**#.#####......
***,,,,>**##,#...,,,...?........<
,,,,***,*##.,..#.,*,...)...<.....
***** *,,....,,,,**.........Wa...
* **,,....#**###.........#....
*,,*,..%.###..,@.......##...
**,**,*.#.....###..#######...
*,,,,,,,..#.@#.....# #>..
***,,,*,*,..#.@.....$# #.#.
###.,,,,,,**#.#.$∩.#.#.# ##...
...,**,,*** #.#.†..#,#.# #..##
.#***,,.# #.#..###,#.# ####..#
.####...# ###....#>,,#.###.....#
.......####.....#..#*#.#.a.##[.#
.#............#...####.#.###..##
.....#####.##..........#.# #.##
.##..###...##..........W.# #.*


You could see Sigmund.

Vanquished Creatures
  Grinder (D:4)
  A howler monkey (D:4)
  A hound (D:4)
  2 orc priests (D:4)
  Natasha (thrice) (D:4)
  A worker ant (D:4)
  5 adders
  An ooze (D:3)
  An adder skeleton (D:4)
  A worm (D:1)
  4 dart slugs
  4 leopard geckos
  4 orcs
  4 giant cockroaches
  10 goblins
  12 hobgoblins
  9 jackals
  9 kobolds
  3 quokkas (D:2)
  A ball python (D:2)
  4 bats
  7 frilled lizards
  A quokka skeleton (D:4)
  7 rats
96 creatures vanquished.

Notes
Turn   | Place    | Note
-------+----------+-------------------------------------------
     0 | D:1      | dysrexia the Octopode Transmuter began the quest for the Orb.
     0 | D:1      | Reached XP level 1. HP: 13/13 MP: 3/3
   127 | D:1      | Reached XP level 2. HP: 18/18 MP: 5/5
   334 | D:1      | Found a shimmering altar of Xom.
   474 | D:1      | Reached skill level 3 in Transmutations
   487 | D:1      | Learned a level 2 spell: Sticks to Snakes
   610 | D:1      | Reached XP level 3. HP: 23/23 MP: 6/6
  1147 | D:1      | Learned a level 3 spell: Spider Form
  1229 | D:2      | Found a stormy altar of Qazlal.
  1436 | D:2      | Reached XP level 4. HP: 13/28 MP: 7/7
  1980 | D:2      | Reached skill level 4 in Transmutations
  2642 | D:3      | Reached XP level 5. HP: 33/33 MP: 6/8
  2811 | D:3      | Reached skill level 1 in Poison Magic
  3126 | D:4      | Noticed Natasha
  3128 | D:4      | Found a staircase to the Ecumenical Temple.
  3133 | D:4      | Killed Natasha
  3143 | Temple   | Entered the Ecumenical Temple
  3298 | Temple   | Became a worshipper of Cheibriados the Contemplative
  3322 | D:4      | Noticed Grinder
  3327 | D:4      | Noticed Frank's ghost (amateur GrGl)
  3343 | D:4      | Noticed Sigmund
  3417 | D:4      | Found Coets's Jewellery Shop.
  3445 | D:4      | Reached skill level 5 in Transmutations
  3445 | D:4      | Reached XP level 6. HP: 22/38 MP: 4/9
  3585 | D:4      | Killed Grinder
  3617 | D:4      | Noticed Natasha
  3847 | D:4      | Found Sohut's General Store.
  3865 | D:4      | Bought a scroll of teleportation for 36 gold pieces
  3875 | D:4      | Found Ysoon's Jewellery Boutique.
  3894 | D:4      | Killed Natasha
  4084 | D:4      | Found a hide-covered altar of Uskayaw.
  4112 | D:4      | Found Ynuawn's Assorted Antiques.
  4119 | D:4      | Noticed Natasha
  4122 | D:4      | Reached XP level 7. HP: 14/43 MP: 8/10
  4131 | D:4      | Killed Natasha
  4191 | D:5      | Entered Level 5 of the Dungeon
  4305 | D:4      | Reached skill level 6 in Transmutations
  4319 | D:4      | Found Muofiax's Antique Armour Shoppe.
  4352 | D:4      | Mangled by Sigmund

Skill      XL: |  1  2  3  4  5  6  7 |
---------------+----------------------+-----
Transmutations | 3 4 5 6 |  6.0
Poison Magic   | 2 3 |  3.1
Unarmed Combat | 4 |  4.8
Fighting       | |  1.0
Dodging        | |  2.0
Spellcasting   | |  2.0

Action                   |  1- 3 |  4- 6 |  7- 9 || total
-------------------------+-------+-------+-------++-------
Melee: Unarmed           |   104 |   120 |    14 ||   238
       Constrict         |    34 |    32 |     3 ||    69
       Tentacles         |    19 |    23 |     3 ||    45
       Kick              |    11 |    23 |     4 ||    38
       Punch             |       |     1 |       ||     1
Throw: Stone             |       |     3 |       ||     3
 Cast: Beastly Appendage |     9 |    18 |     2 ||    29
       Sticks to Snakes  |       |     8 |     7 ||    15
       Spider Form       |       |     2 |     1 ||     3
  Use: Scroll            |       |    10 |     1 ||    11
       Potion            |       |       |     3 ||     3
 Stab: Sleeping          |     9 |     3 |       ||    12
       Distracted        |     1 |       |       ||     1
  Eat: Chunk             |     2 |     7 |     2 ||    11
       Fruit             |       |     1 |       ||     1
       Pizza             |       |     1 |       ||     1
Armor: Skin              |    11 |     4 |     1 ||    16
Dodge: Dodged            |    51 |    60 |    18 ||   129
